 Dungeon Crawl Stone Soup version 0.20-a0-618-gbb8d3ca (webtiles) character file.

48 M4edhros the Sneak (level 3, -3/23 HPs)
             Began as an Octopode Artificer on Feb 9, 2017.
             Slain by an orc warrior
             ... wielding a +0 trident
              (15 damage)
             ... on level 4 of the Dungeon.
             The game lasted 00:01:56 (1178 turns).

M4edhros the Sneak (Octopode Artificer)             Turns: 1178, Time: 00:01:56

Health: -3/23      AC:  1    Str: 11    XL:     3   Next: 72%
Magic:  5/5        EV: 13    Int: 13    God:
Gold:   22         SH:  0    Dex: 13    Spells: 2/2 levels left

rFire    . . .     SeeInvis .   a - +0 short sword
rCold    . . .     Gourm    .   (no shield)
rNeg     + . .     Faith    .   (helmet restricted)
rPois    .         Spirit   .   (no amulet)
rElec    .         Reflect  .   e - ring of positive energy
rCorr    .         Harm     .   (no ring)
MR       .....                  (no ring)
Stlth    ++++......             (no ring)
Regen    0.1/turn               (no ring)
                                (no ring)
                                (no ring)
                                (no ring)

@: no status effects
A: almost no armour, stealthy swim, amphibious, 8 rings, constrict 8, camouflage
1, gelatinous body 1
a: no special abilities


You were on level 4 of the Dungeon.
You were not hungry.

You visited 1 branch of the dungeon, and saw 4 of its levels.

You collected 22 gold pieces.

Inventory:

Hand Weapons
 a - a +0 short sword (weapon)
 n - a cursed +0 hunting sling
Missiles
 m - 18 stones (quivered)
Jewellery
 e - a ring of positive energy (left tentacle)
Wands
 b - a wand of flame (14/48)
 c - a wand of enslavement (7/24)
 d - a wand of random effects (12/48)
Scrolls
 h - a scroll of fog
Potions
 i - a potion of berserk rage {unknown}
Comestibles
 f - a bread ration
 g - 2 chunks of flesh
 k - a royal jelly


   Skills:
 - Level 1.0 Fighting
 - Level 1.0 Short Blades
 - Level 2.0 Dodging
 + Level 5.0 Stealth
 - Level 3.2 Evocations


You had 2 spell levels left.
You didn't know any spells.

Dungeon Overview and Level Annotations

Branches:
Dungeon (4/15)
 Temple: D:4-7

Altars:

Annotations:
D:3 Robin


Innate Abilities, Weirdness & Mutations

You cannot wear most types of armour.
You are very stealthy in the water. (Stealth+)
You are amphibious.
You can wear up to eight rings at the same time.
You can use your tentacles to constrict eight enemies at once.
Your skin changes colour to match your surroundings (Stealth+).
Your rubbery body absorbs attacks. (AC +1, EV +1)


Message History

Aim: an orc warrior, wielding a trident and wearing a chain mail (moderately wounded)
The bolt of negative energy misses the orc warrior.
This wand has 14 charges left.
The orc warrior completely misses you.
Drop what? 12/52 slots (_ for help) (? for menu, Esc to quit)
Okay, then.
Evoke which item? (* to show all) (? for menu, Esc to quit)
Aiming: Random Effects
Press: ? - help, Shift-Dir - straight line, f/p - orc warrior
Aim: an orc warrior, wielding a trident and wearing a chain mail (moderately wounded)
The orc warrior struggles to resist.
This wand has 13 charges left.
Evoke which item? (* to show all) (? for menu, Esc to quit)
Aiming: Random Effects
Press: ? - help, Shift-Dir - straight line, f/p - orc warrior
Aim: an orc warrior, wielding a trident and wearing a chain mail (moderately wounded)
The puff of frost hits the orc warrior.
The orc warrior appears unharmed.
The orc warrior is moderately wounded.
This wand has 12 charges left.
The orc warrior hits you from afar with a trident!
Ouch! That really hurt!
You die...

########
.......### ..
#.......... a..
#..........
....####.........
...............#
.......@......#
..............####
.........o.......#
.................+
...#.............#
.................+
...#....#........#
..######.....o..#
#........#


You could see an orc warrior, a worker ant (sleeping) and a friendly orc priest.

Vanquished Creatures
  2 oozes (D:1)
  A dart slug (D:1)
  A leopard gecko (D:1)
  2 orcs (D:4)
  A goblin (D:3)
  5 hobgoblins
  A frilled lizard (D:1)
  2 kobolds (D:1)
  A rat (D:1)
16 creatures vanquished.

Vanquished Creatures (collateral kills)
  An orc priest (D:4)
  A leopard gecko (D:4)
  An orc (D:4)
3 creatures vanquished.

Vanquished Creatures (others)
  An adder (D:4)
  A goblin (D:3)
  A jackal (D:2)
3 creatures vanquished.

Grand Total: 22 creatures vanquished

Notes
Turn   | Place    | Note
-------+----------+-------------------------------------------
     0 | D:1      | M4edhros the Octopode Artificer began the quest for the Orb.
     0 | D:1      | Reached XP level 1. HP: 13/13 MP: 3/3
   200 | D:1      | Reached skill level 2 in Stealth
   238 | D:1      | Reached skill level 3 in Stealth
   238 | D:1      | Reached XP level 2. HP: 9/18 MP: 4/4
   668 | D:1      | Reached skill level 4 in Stealth
   678 | D:1      | Reached XP level 3. HP: 5/23 MP: 5/5
   954 | D:3      | Noticed Robin
  1130 | D:4      | Noticed an orc warrior
  1154 | D:4      | Reached skill level 5 in Stealth
  1178 | D:4      | Slain by an orc warrior

Vault maps used:
D:1:      tarquinn_simple_flora_water_d
D:2:      lightli_temple_of_fire, uniq_iyjb, uniq_terence
D:3:      grunt_temple_overflow_open, first_bread, uniq_natasha, uniq_grinder,
          uniq_robin
D:4:      overflow_temple_1_default, serial_shops,
          nicolae_shop_temple_entry_statues_fountains

Skill      XL: |  1  2  3 |
---------------+----------+-----
Stealth        | 3 4 5 |  5.0
Fighting       | |  1.0
Short Blades   | |  1.0
Dodging        | |  2.0
Evocations     | |  3.2

Action                   || total
-------------------------++-------
Melee: Short sword       ||    44
       Constrict         ||    11
       Tentacles         ||     7
Evoke: Wand              ||    12
  Use: Scroll            ||     4
 Stab: Sleeping          ||     2
  Eat: Chunk             ||     1
Armor: Skin              ||     4
Dodge: Dodged            ||    42
